 Dungeon Crawl Stone Soup version 0.29.1-2-gbd0b4ee654 (webtiles) character file.

Game seed: 10798563903064888546

103 qeuew the Covered (level 4, 0/41 HPs)
             Began as a Minotaur Fighter on Nov 15, 2022.
             Slain by Grinder (3 damage)
             ... on level 3 of the Dungeon.
             The game lasted 00:02:28 (1579 turns).

qeuew the Covered (Minotaur Fighter)                Turns: 1579, Time: 00:02:28

Health: 0/41       AC:  8    Str: 20    XL:     4   Next: 51%
Magic:  3/3        EV:  9    Int:  5    God:
Gold:   109        SH:  5    Dex: 12    Spells: 3/3 levels left

rFire   . . .      SeeInvis .   a - +0 war axe
rCold   . . .      Faith    .   c - +0 buckler
rNeg    . . .      Spirit   .   b - +0 scale mail
rPois   .          Reflect  .   (helmet restricted)
rElec   .          Harm     .   (no cloak)
rCorr   .          Rampage  .   i - +0 pair of gloves
Will    .....                   (no boots)
Stlth   ..........              (no amulet)
HPRegen 0.13/turn               (no ring)
MPRegen 0.08/turn               (no ring)

@: no status effects
A: horns 2, retaliatory headbutt
a: no special abilities


You were on level 3 of the Dungeon.
You visited 1 branch of the dungeon, and saw 3 of its levels.

You collected 120 gold pieces.
You spent 11 gold pieces at shops.

Inventory:

Hand Weapons
 a - a +0 war axe (weapon)
Armour
 b - a +0 scale mail (worn)
 c - a +0 buckler (worn)
 i - a +0 pair of gloves (worn)
Scrolls
 f - 2 scrolls of blinking
Potions
 d - 2 potions of might
 e - 2 potions of flight
 g - a potion of ambrosia


   Skills:
 + Level 4.4 Fighting
 + Level 3.5 Axes
 + Level 4.5 Armour
 + Level 4.5 Shields


You had 3 spell levels left.
You didn't know any spells.
Your spell library was empty.

Dungeon Overview and Level Annotations

Branches:
Dungeon (3/15)

Altars:

Shops:
D:1 !

Annotations:
D:3 Grinder


Innate Abilities, Weirdness & Mutations

You have a pair of horns on your head.
You reflexively headbutt those who attack you in melee.


Message History

A frilled lizard is nearby!
A frilled lizard is nearby!
A frilled lizard is nearby!
The frilled lizard bites you.
A frilled lizard is nearby!
You closely miss the frilled lizard. The frilled lizard closely misses you.
A frilled lizard is nearby!
You barely miss the frilled lizard. The frilled lizard closely misses you.
The frilled lizard bites you but does no damage.
A frilled lizard is nearby!
You hit the frilled lizard.
You kill the frilled lizard!
HP restored.
Grinder comes into view.
Grinder shouts!
Grinder gestures at you.
You barely resist.
Grinder is nearby!
Grinder is nearby!
You barely miss Grinder. You headbutt Grinder, but do no damage.
Grinder hits you!
You writhe in agony.
Grinder hits you.
Grinder is nearby!
You slash Grinder! Your headbutt misses Grinder.
Grinder is moderately wounded.
Grinder hits you but does no damage.
You closely miss Grinder.
Grinder is moderately wounded.
Grinder hits you.
You writhe in agony.
You closely miss Grinder. Your headbutt misses Grinder.
Grinder is moderately wounded.
Grinder misses you. Grinder gestures at you. Pain shoots through your body!
* * * LOW HITPOINT WARNING * * *
You hit Grinder but do no damage.
Grinder is moderately wounded.
Grinder hits you.
* * * LOW HITPOINT WARNING * * *
You writhe in agony.
You die...

..# #.. #.# #.# #
#. #.# #.# #.#.
#.# #.# #.#. #.#
#.# ... #.# #5#
##.###.####@#
#...##......#.#..
#...............#
#....#.##########
####.#.# #.#.#
#.#.# #.#.# #.#.#


You could see Grinder.

Vanquished Creatures
  Robin (D:2)
  4 gnolls (D:2)
  A worm (D:2)
  4 ball pythons
  5 bats
  An endoplasm (D:1)
  A giant cockroach (D:2)
  12 goblins
  9 hobgoblins
  5 frilled lizards
  3 kobolds (D:2)
  2 rats
48 creatures vanquished.

Notes
Turn   | Place    | Note
-------+----------+-------------------------------------------
     0 | D:1      | qeuew the Minotaur Fighter began the quest for the Orb.
     0 | D:1      | Reached XP level 1. HP: 19/19 MP: 0/0
   229 | D:1      | Found Ruuck's Distillery.
   241 | D:1      | Bought a potion of degeneration for 11 gold pieces
   287 | D:1      | Reached XP level 2. HP: 27/27 MP: 1/1
   319 | D:1      | Found a faded altar of an unknown god.
   660 | D:2      | Noticed Robin
   667 | D:2      | Killed Robin
   668 | D:2      | Reached XP level 3. HP: 22/33 MP: 2/2
   864 | D:2      | Reached XP level 4. HP: 28/40 MP: 3/3
  1573 | D:3      | Noticed Grinder
  1579 | D:3      | Slain by Grinder

Illustrated notes

Levels and vault maps discovered:
D:1:      grunt_arrival_crossed_arrows, layout_basic,
          chequers_ecumenical_altar_island, serial_shops, nicolae_lakefront_shop
D:2:      layout_rooms, uniq_robin
D:3:      layout_loops_ring, uniq_natasha, uniq_jessica, uniq_grinder

Skill      XL: |  1  2 |
---------------+-------+-----
Shields        | 4 |  4.5
Fighting       | 4 |  4.4
Armour         | 4 |  4.5
Axes           | 3 |  3.5

Action                   |  1- 3 |  4- 6 || total
-------------------------+-------+-------++-------
Melee: War axe           |    58 |    30 ||    88
       Headbutt          |     7 |     6 ||    13
  Use: Scroll            |     4 |     1 ||     5
       Potion            |       |     2 ||     2
Armor: Scale mail        |    36 |     7 ||    43
Dodge: Dodged            |    36 |    13 ||    49
Block: Buckler           |    11 |     5 ||    16
